Map: Thunderbird LE

Players

LiquidSnute (Snute) - Winner!

  • Race: Zerg Zerg
  • League: Grandmaster
  • Spawn Location: 11:00

Armani

  • Race: Zerg Zerg
  • Spawn Location: 5:00

Event: 2019 Assembly Summer

VOD

Have the link to the VOD?

Description

Time

  • Played on: Aug. 1, 2019, 7:31 a.m.
  • Length: 7:23

All games in this series

Show
View Real Time Build Order
Export as new Build Order

LiquidSnute Zerg - Winner!

Build Orders: Hatch First 

Get SALT Encoding   

  12  0:00  Drone  
  13  0:12  Overlord  
  13  0:16  Drone  
  14  0:30  Drone x2  
  14  0:34  Drone  
  17  0:51  Hatchery  
  17  0:54  Drone  
  17  0:57  Drone  
  17  1:03  Extractor  
  17  1:11  Spawning Pool  
  17  1:15  Drone  
  17  1:18  Drone  
  18  1:28  Drone  
  19  1:38  Overlord  
  19  1:49  Drone  
  20  1:57  Queen  
  20  2:00  Drone  
  23  2:02  Queen  
  23  2:04  Metabolic Boost  
  23  2:05  Drone  
  26  2:11  Drone  
  26  2:15  Drone  
  28  2:21  Drone  
  29  2:28  Drone  
  30  2:32  Drone  
  30  2:34  Hatchery  
  30  2:36  Drone  
  31  2:42  Queen  
  33  2:46  Overlord  
  33  2:49  Zergling x2  
  34  2:55  Zergling x2  
  34  2:58  Zergling x2  
  36  3:05  Drone x3  
  39  3:06  Drone  
  39  3:07  Drone  
  39  3:10  Drone x3  
  44  3:17  Overlord  
  44  3:21  Overlord  
  44  3:29  Overlord  
  44  3:35  Queen, Extractor  
  44  3:41  Drone x3  
  47  3:42  Drone x3  
  50  3:53  Zergling x6  
  50  3:55  Zergling x2, Evolution Chamber  
  53  3:56  Evolution Chamber  
  53  3:57  Roach Warren  
  53  4:02  Zergling x2  
  50  4:06  Zergling x4  
  52  4:22  Drone x3  
  52  4:23  Drone x2  
  53  4:26  Zerg Missile Weapons Level 1  
  53  4:27  Drone x2  
  55  4:34  Lair  
  55  4:36  Drone  
  55  4:37  Drone x2  
  55  4:38  Extractor  
  57  4:42  Extractor  
  57  4:43  Drone x3  
  59  4:46  Drone  
  59  4:49  Drone x2  
  62  4:56  Drone  
  62  4:57  Extractor  
  62  5:01  Drone x2  
  62  5:06  Zergling x6  
  67  5:08  Drone  
  67  5:10  Drone  
  67  5:11  Drone  
  70  5:14  Drone x3  
  70  5:21  Overlord x2  
  73  5:23  Overlord  
  73  5:26  Overlord  
  72  5:30  Hatchery  
  72  5:33  Glial Reconstitution  
  72  5:34  Roach  
  73  5:36  Overlord, Nydus Network  
  73  5:41  Queen x3  
  84  5:43  Roach x3  
  84  5:48  Roach x3  
  90  5:52  Roach x2  
  90  5:54  Roach  
  90  5:55  Overlord  
  96  5:59  Roach  
  96  6:00  Roach  
  96  6:02  Roach  
  102  6:06  Roach x3  
  108  6:15  Nydus Canal  
  108  6:16  Roach x4  
  116  6:23  Roach x2  
  120  6:30  Nydus Canal  
  120  6:38  Overlord x2  
  120  6:42  Overlord  
  120  6:44  Nydus Canal  
  118  6:48  Roach x4  
  118  6:51  Roach x2  
  118  6:52  Roach  
  126  6:58  Nydus Canal  
  126  7:00  Roach x8  
  126  7:01  Roach x2  
  146  7:02  Roach  
Show
View Real Time Build Order
Export as new Build Order

Armani Zerg 

Build Orders: Hatch First 

Get SALT Encoding   

  12  0:01  Drone  
  13  0:12  Overlord  
  13  0:16  Drone  
  14  0:31  Drone x2  
  16  0:48  Hatchery  
  15  0:51  Drone  
  15  0:55  Drone  
  17  0:58  Drone  
  18  1:10  Extractor  
  17  1:13  Spawning Pool  
  17  1:15  Drone  
  17  1:19  Drone  
  18  1:28  Drone  
  19  1:40  Drone  
  20  1:49  Overlord  
  20  2:00  Queen x2  
  25  2:01  Drone, Zergling x2  
  26  2:09  Metabolic Boost  
  26  2:12  Drone x2  
  30  2:22  Drone x2  
  30  2:32  Hatchery  
  29  2:41  Drone x2  
  31  2:51  Baneling Nest  
  30  2:55  Queen  
  30  2:58  Drone x2  
  33  3:01  Overlord  
  33  3:03  Drone  
  34  3:07  Zergling x2  
  35  3:21  Zergling x14  
  42  3:30  Zergling x2  
  43  3:36  Zergling x2  
  44  3:41  Overlord  
  44  3:47  Overlord  
  44  3:53  Evolution Chamber  
  43  3:57  Baneling x4  
  43  3:58  Baneling  
  43  4:01  Drone x7  
  49  4:03  Drone  
  49  4:06  Drone  
  49  4:07  Drone  
  49  4:09  Drone  
  52  4:10  Drone  
  52  4:13  Drone  
  51  4:22  Drone  
  47  4:25  Zergling x4  
  47  4:26  Drone x2, Zerg Missile Weapons Level 1  
  47  4:29  Drone x3  
  54  4:36  Roach Warren  
  53  4:39  Drone  
  53  4:40  Lair  
  53  4:42  Overlord, Extractor  
  53  4:43  Extractor  
  53  4:44  Drone  
  53  4:45  Drone  
  54  4:46  Drone  
  54  4:48  Drone  
  56  4:54  Overlord  
  56  4:57  Drone x2  
  58  5:02  Drone x5, Overlord  
  63  5:10  Drone  
  63  5:12  Drone, Extractor  
  63  5:13  Drone  
  64  5:15  Drone x2  
  64  5:18  Extractor  
  64  5:20  Drone x4  
  68  5:29  Drone x3, Pneumatized Carapace  
  68  5:31  Drone x2  
  68  5:35  Drone  
  74  5:38  Overlord, Extractor  
  74  5:39  Glial Reconstitution  
  74  5:40  Overseer, Overlord  
  73  5:47  Drone  
  73  5:48  Roach  
  73  5:49  Roach x2  
  80  5:51  Roach  
  80  5:56  Hatchery  
  81  6:03  Roach x3, Spire  
  86  6:06  Overseer  
  86  6:12  Overlord x2  
  86  6:15  Roach x5  
  96  6:22  Roach  
  96  6:24  Overlord  
  96  6:25  Overlord  
  99  6:26  Overlord  
  99  6:28  Overlord, Spine Crawler  
  99  6:30  Spine Crawler  
  97  6:36  Roach  
  97  6:37  Roach x6  
  97  6:38  Roach  
  111  6:44  Overlord  
  109  6:49  Roach x5  
  105  6:59  Roach x3  
  105  7:03  Roach x4  
  105  7:04  Roach  
Tags
 
Add a new tag
Caveats
  • Supply blocks, unpowered buildings, or Contaminate may cause inaccurate times.
  • Supply counts are checked every 10 seconds.